 Dungeon Crawl Stone Soup version 0.20.1-1-g8b1a95d (webtiles) character file.

84 sprush the Ruffian (level 4, 0/42 HPs)
             Began as a Troll Warper on Dec 4, 2017.
             Slain by a gnoll
             ... wielding a cursed +0 spear
              (9 damage)
             ... on level 2 of the Dungeon.
             The game lasted 00:12:13 (1352 turns).

sprush the Ruffian (Troll Warper)                   Turns: 1352, Time: 00:12:14

Health: 0/42       AC:  5    Str: 20    XL:     4   Next: 24%
Magic:  5/5        EV: 10    Int:  9    God:
Gold:   50         SH:  0    Dex:  9    Spells: 3/5 levels left

rFire    . . .     SeeInvis .     - Unarmed
rCold    . . .     Gourm    +   (no shield)
rNeg     . . .     Faith    .   a - +0 robe
rPois    .         Spirit   .   (helmet restricted)
rElec    .         Reflect  .   (no cloak)
rCorr    .         Harm     .   (gloves unavailable)
MR       .....                  (boots unavailable)
Stlth    +.........             (no amulet)
Regen    0.6/turn               (no ring)
MPRegen  0.1/turn               (no ring)

@: drained
A: unfitting armour, claws 3, fast metabolism 3, gourmand, regeneration 1,
shaggy fur 1, tough skin 2
a: no special abilities


You were on level 2 of the Dungeon.
You were completely stuffed.

You visited 1 branch of the dungeon, and saw 3 of its levels.

You collected 50 gold pieces.

Inventory:

Hand Weapons
 k - a +0 hunting sling
Missiles
 i - 45 stones (quivered)
 p - 2 throwing nets
Armour
 a - a +0 robe (worn)
 d - a +0 animal skin
 j - a +0 shield
 n - a +0 robe
Jewellery
 l - a +4 ring of strength {unknown}
Scrolls
 c - a scroll of blinking
 g - a scroll of random uselessness {unknown}
 h - a scroll of teleportation {unknown}
Potions
 e - 2 potions of flight {unknown}
 o - a potion of agility {unknown}
 q - 2 potions of heal wounds {unknown}
 r - a potion of might {unknown}
Books
 b - a book of Spatial Translocations

   Spells                             Type                      Level
   a - Blink                          Translocation                2
   b - Shroud of Golubria             Charms/Translocation         2
   c - Lesser Beckoning               Translocation                3
   d - Gell's Gravitas                Translocation                3
   e - Teleport Other                 Translocation                3
   f - Passage of Golubria            Translocation                4
Comestibles
 f - 3 bread rations
 m - 3 chunks of flesh


   Skills:
 + Level 2.1(1.8) Fighting
 + Level 0.8(0.5) Throwing
 + Level 2.4(2.1) Dodging
 + Level 3.3(2.9) Unarmed Combat
 + Level 1.4(1.0) Spellcasting
 + Level 2.3(1.9) Translocations


You had 3 spell levels left.
You knew the following spells:

 Your Spells              Type           Power        Failure   Level  Hunger
a - Blink                 Tloc           N/A          24%         2    ###....


Dungeon Overview and Level Annotations

Branches:
Dungeon (3/15)

Altars:

Annotations:
D:3 kalagan's ghost, amateur DEFE


Innate Abilities, Weirdness & Mutations

You are too large for most types of armour.
You have claws for hands.
Your metabolism is lightning-fast.
You like to eat raw meat.
Your natural rate of healing is unusually fast.
You are covered in fur. (AC +1)
You have very tough skin. (AC +2)


Message History

The gnoll hits you from afar with a halberd!
The gnoll hits you but does no damage. The gnoll hits you with a spear.
You closely miss the gnoll. The gnoll hits you but does no damage.
The gnoll closely misses you.
You claw the gnoll!
The gnoll is severely wounded.
The gnoll hits you from afar with an enchanted spear!
You scratch the gnoll but do no damage.
The gnoll is severely wounded.
The gnoll hits you but does no damage. The gnoll barely misses you.
The gnoll misses you.
You closely miss the gnoll.
The gnoll is severely wounded.
The gnoll hits you with a spear. The gnoll barely misses you.
You closely miss the gnoll.
The gnoll is severely wounded.
The gnoll hits you from afar with an enchanted spear.
* * * LOW HITPOINT WARNING * * *
The gnoll hits you with a spear!
You die...

#.#.##.##.........#......##......
#.#.......#......##.####.########
#.####.##...#.#####.####.#...# ##
#......######.#####.#......#.# #.
######## #.......#.##.#...# #.
######..#.##.##.####.
##...........##......
#.#.#.#.#....#####...
##...@g.....#.# #.##
#.#.#.#.#.#.#.#####.##
##....gg.....#.##......
#.#.#.#.#.#.#..........
##..............#.......
#.#.#.#.#.#.#.#.........
##............)#.#......
#.#.#.#.#.#.#.#.#......
##..............#......


You could see 3 gnolls.

Vanquished Creatures
  Robin (D:2)
  A gnoll (D:2)
  An adder (D:2)
  2 leopard geckos (D:1)
  3 giant cockroaches
  14 goblins
  6 hobgoblins
  5 jackals
  5 bats
  3 frilled lizards (D:2)
  2 kobolds
  6 rats
49 creatures vanquished.

Notes
Turn   | Place    | Note
-------+----------+-------------------------------------------
     0 | D:1      | sprush the Troll Warper began the quest for the Orb.
     0 | D:1      | Reached XP level 1. HP: 19/19 MP: 1/1
   141 | D:1      | Reached XP level 2. HP: 25/27 MP: 3/3
   613 | D:2      | Learned a level 2 spell: Blink
   656 | D:2      | Reached XP level 3. HP: 35/35 MP: 4/4
   657 | D:2      | Noticed Robin
   761 | D:2      | Killed Robin
   761 | D:2      | Reached skill level 3 in Unarmed Combat
   888 | D:2      | Reached XP level 4. HP: 40/42 MP: 5/5
  1261 | D:3      | Noticed kalagan's ghost (amateur DEFE)
  1352 | D:2      | Slain by a gnoll

Skill      XL: |  1  2  3 |
---------------+----------+-----
Dodging        | 2 |  2.4
Fighting       | 2 |  2.1
Unarmed Combat | 3 |  3.3
Throwing       | |  0.8
Spellcasting   | |  1.4
Translocations | |  2.3

Action                   |  1- 3 |  4- 6 || total
-------------------------+-------+-------++-------
Melee: Unarmed           |   121 |    27 ||   148
       Punch             |     1 |       ||     1
Throw: Tomahawk          |     5 |       ||     5
       Stone             |     1 |       ||     1
 Cast: Blink             |       |     1 ||     1
  Eat: Chunk             |    14 |     4 ||    18
Armor: Robe              |    55 |    14 ||    69
Dodge: Dodged            |    66 |    22 ||    88
